 Dungeon Crawl Stone Soup version 0.26.1-11-gd32895ea62 (webtiles) character file.

Game seed: 17745715749123768791

373 Zeld the Twirler (level 6, 0/39 HPs)
             Began as an Octopode Gladiator on May 22, 2021.
             Slain by a worm (11 damage)
             ... on level 3 of the Dungeon.
             The game lasted 00:01:47 (1878 turns).

Zeld the Twirler (Octopode Gladiator)               Turns: 1878, Time: 00:01:48

Health: 0/39       AC:  1    Str: 15    XL:     6   Next: 71%
Magic:  6/6        EV: 14    Int: 10    God:
Gold:   23         SH:  0    Dex: 14    Spells: 5/5 levels left

rFire    . . .     SeeInvis .   a - +0 quarterstaff
rCold    . . .     Faith    .   (shield currently unavailable)
rNeg     . . .     Spirit   .   b - +0 hat
rPois    .         Reflect  .   (no amulet)
rElec    .         Harm     .   (no ring)
rCorr    .         Rampage  .   (no ring)
Will     .....                  (no ring)
Stlth    +++.......             (no ring)
HPRegen  0.13/turn              (no ring)
MPRegen  0.10/turn              (no ring)
                                (no ring)
                                (no ring)

@: no status effects
A: almost no armour, stealthy swim, amphibious, 8 rings, constrict 8, camouflage
1, gelatinous body 1
a: no special abilities


You were on level 3 of the Dungeon.
You visited 1 branch of the dungeon, and saw 3 of its levels.
You also visited: Sewer.

You collected 23 gold pieces.

Inventory:

Hand Weapons
 a - a +0 quarterstaff (weapon)
Missiles
 c - 3 throwing nets (quivered)
Armour
 b - a +0 hat (worn)
Wands
 g - a wand of paralysis (8)
Scrolls
 e - 2 scrolls of teleportation {unknown}
 f - a scroll of enchant armour {unknown}
 h - a scroll of magic mapping {unknown}
 i - 3 scrolls of fear {unknown}
Potions
 d - a potion of might {unknown}
 j - 6 potions of curing {unknown}
 k - a potion of magic {unknown}


   Skills:
 - Level 2.0 Fighting
 * Level 7.3 Staves
 - Level 2.0 Throwing
 - Level 3.0 Dodging


You had 5 spell levels left.
You didn't know any spells.
Your spell library was empty.

Dungeon Overview and Level Annotations

Branches:
Dungeon (3/15)              Sewer (visited)

Altars:
Kikubaaqudgha
Xom
Yredelemnul


Innate Abilities, Weirdness & Mutations

You cannot wear most types of armour.
You are very stealthy in the water. (Stealth+)
You are amphibious.
You can wear up to eight rings at the same time.
You can use your tentacles to constrict eight enemies at once.
Your skin changes colour to match your surroundings (Stealth+).
Your rubbery body absorbs attacks. (AC +1, EV +1)


Message History

You kill the rat!
The adder barely misses you.
You miss the adder. Your grab misses the adder. The adder bites you.
* * * LOW HITPOINT WARNING * * *
You thump the adder!
You kill the adder!
A river rat comes into view.
You see here a worm corpse.
The worm closely misses you.
You hit the river rat. You grab the river rat.
The river rat is moderately wounded.
You constrict the river rat.
The worm splashes around in the water.
The river rat closely misses you.
You hit the river rat but do no damage.
The river rat is moderately wounded.
You constrict the river rat. You hit the river rat.
The river rat is almost dead.
You constrict the river rat. The river rat misses you. The worm bites you!
You die...

##'####.#o# ##(..##o.. ..
##.....#o# #. ##
#.......o#####. #.?
############.r##.<. ##
#...#≈o≈#S≈ #..+... ..
#..≈#≈#≈#≈######..##.# .#
#..≈#≈#≈#≈#w††≈#..##.##..#
#.≈≈≈r#≈≈≈r@##.##........#
#..≈#≈#≈############r#####
#.o≈≈o#≈≈ #.# #.o.#≈###
#.# #.o≈≈≈# #####.#
#...≈≈# #####.....#
##†#### ##...o######
#.########..o..#
#...ooo..##...o#


You could see a worm and a river rat.

Vanquished Creatures
  3 big kobolds (Sewer)
  An iguana (D:3)
  9 adders
  2 river rats
  2 oozes (Sewer)
  3 worms
  A bat (D:2)
  A giant cockroach (D:3)
  2 goblins (D:3)
  A hobgoblin (D:3)
  7 kobolds (Sewer)
  3 ball pythons (Sewer)
  6 rats
41 creatures vanquished.

Notes
Turn   | Place    | Note
-------+----------+-------------------------------------------
     0 | D:1      | Zeld the Octopode Gladiator began the quest for the Orb.
     0 | D:1      | Reached XP level 1. HP: 14/14 MP: 1/1
    28 | D:2      | Found a shimmering altar of Xom.
    83 | D:2      | Found an ancient bone altar of Kikubaaqudgha.
   109 | D:3      | Noticed an iguana
   116 | D:3      | Killed an iguana
   117 | D:3      | Reached skill level 4 in Staves
   117 | D:3      | Reached XP level 2. HP: 6/19 MP: 2/2
   117 | D:3      | Reached XP level 3. HP: 8/24 MP: 3/3
   373 | D:3      | Found a basalt altar of Yredelemnul.
   436 | D:3      | Reached XP level 4. HP: 26/29 MP: 4/4
   455 | D:3      | Reached skill level 5 in Staves
   461 | D:3      | Found a glowing drain.
   467 | Sewer    | Entered a sewer
  1081 | Sewer    | Noticed a big kobold
  1093 | Sewer    | Killed a big kobold
  1094 | Sewer    | Reached XP level 5. HP: 26/34 MP: 5/5
  1260 | Sewer    | Reached skill level 6 in Staves
  1275 | Sewer    | Noticed a big kobold
  1275 | Sewer    | Noticed a big kobold
  1284 | Sewer    | Killed a big kobold
  1285 | Sewer    | Reached XP level 6. HP: 22/39 MP: 6/6
  1479 | Sewer    | Reached skill level 7 in Staves
  1878 | D:3      | Slain by a worm

Illustrated notes

Levels and vault maps discovered:
D:1:      minmay_arrival_cross, layout_loops_ring
D:2:      layout_loops_ring, overflow_temple_1_default, xom_teletrap_fun,
          minmay_liquid_box, minmay_misc_feat_x
D:3:      layout_loops_corners, lemuel_crystal_altar, old_standard_altar,
          lightli_sewer_entry_pipes, yredelemnul_altar_generic, uniq_terence

Skill      XL: |  1  2  3  4  5  6 |
---------------+-------------------+-----
Staves         | 4 5 6 7 |  7.3
Fighting       | |  2.0
Throwing       | |  2.0
Dodging        | |  3.0

Action                   |  1- 3 |  4- 6 || total
-------------------------+-------+-------++-------
Melee: Quarterstaff      |    20 |    87 ||   107
       Constrict         |     4 |    21 ||    25
       Tentacles         |     1 |    17 ||    18
  Use: Potion            |     2 |       ||     2
 Stab: Sleeping          |     1 |     3 ||     4
Armor: Skin              |     1 |     1 ||     2
Dodge: Dodged            |    24 |    55 ||    79
